 Dungeon Crawl Stone Soup version 0.19-a0-805-g0a78ef0 (webtiles) character file.

38 Stormbringer the Insei (level 3, -2/29 HPs)
             Began as a Mummy Monk on June 27, 2016.
             Slain by a worm (11 damage)
             ... on level 1 of the Dungeon.
             The game lasted 00:01:55 (1590 turns).

Stormbringer the Insei (Mummy Monk)                 Turns: 1590, Time: 00:01:57

Health: -2/29      AC:  1    Str: 14    XL:     3   Next: 25%
Magic:  3/3        EV: 13    Int:  9    God:
Gold:   82         SH:  0    Dex: 15    Spells: 0 memorised, 2 levels left

rFire  x . .     SeeInvis .       - Unarmed
rCold  + . .     Gourm    .     (no armour)
rNeg   + + +     Faith    .     (no shield)
rPois  ∞         Spirit   .     (no helmet)
rElec  .         Dismiss  .     (no cloak)
rCorr  .         Reflect  .     c - +0 pair of gloves
SustAt .         Harm     .     (no boots)
MR     .....                    (no amulet)
Stlth  ++........               (no ring)
                                (no ring)

@: not resistant to hostile enchantments, unstealthy
A: no food or potions, fire vulnerability, cold resistance 1, negative energy
resistance 3, torment resistance, unbreathing
a: no special abilities


You were on level 1 of the Dungeon.
You were not hungry.

You visited 1 branch of the dungeon, and saw 2 of its levels.

You collected 82 gold pieces.


Innate Abilities, Weirdness & Mutations

You do not eat or drink.
Your flesh is vulnerable to fire.
You are immune to poison.
Your flesh is cold resistant. (rC+)
You are immune to negative energy. (rN+++)
You are immune to unholy pain and torment.
You can survive without breathing.


   Skills:
 - Level 3.0 Fighting
 - Level 2.4 Dodging
 - Level 1.5 Stealth
 + Level 3.6 Unarmed Combat


You had 2 spell levels left.
You didn't know any spells.

Inventory:

Armour
 c - a +0 pair of gloves (worn)
Scrolls
 a - 2 scrolls of identify {unknown}
 b - a scroll of teleportation {unknown}

Dungeon Overview and Level Annotations

Branches:
Dungeon (2/15)

Altars:

Annotations:
D:2 Natasha

▒..........▒▒.▒▒▒.▒▒▒▒▒▒▒▒......
▒▒▒▒▒.▒▒▒▒.▒▒.▒ ▒.▒ ▒▒.▒... ▒.▒
▒....▒▒▒.▒ ▒..... ▒▒.▒▒
▒▒▒▒▒...▒▒ ▒▒▒▒▒...▒▒ ▒▒.▒.▒▒
▒.▒▒▒ ▒▒▒▒......... ▒▒)▒▒▒.▒▒ ▒.▒
▒........▒... ▒▒†▒▒ ▒▒.▒▒
▒.▒▒▒▒▒.)......▒... ▒.▒▒ ▒▒.▒
▒w▒▒.▒▒....▒.▒.▒.▒. ▒▒▒.▒▒
▒▒.▒▒▒▒▒.M............▒...
.....▒▒▒.......(.........▒...▒...
▒▒▒†..▒..▒▒▒▒▒▒▒▒................
▒▒.........▒ ▒▒.▒▒..▒▒▒▒▒.....
▒.▒▒▒.▒▒▒.▒ ▒.▒▒............ ▒.▒
▒.▒ ▒.▒ ▒.▒▒▒........▒▒▒ ▒.▒▒▒.▒
▒.▒ ▒.▒ ▒▒▒▒▒▒.'▒▒ ▒.....▒ ▒.▒
▒.▒ ▒..▒ ▒.▒▒▒▒▒ ▒.▒ ▒.▒ ▒▒.▒


You could see a worm.


Message History

You pummel the worm like a punching bag!!!
The worm is moderately wounded!
The worm bites you!
You pulverise the worm!
The worm is moderately wounded!
The worm misses you!
You completely miss the worm!
The worm is moderately wounded!
You pummel the worm like a punching bag!
The worm is heavily wounded!
The worm completely misses you!
You pulverise the worm!
The worm is heavily wounded!
You pummel the worm like a punching bag!
The worm is severely wounded!
The worm bites you!!! * * * don't die
* * * You are too injured to fight recklessly!!!
You are too injured to fight recklessly!!!
You are too injured to fight recklessly!!!
You pulverise the worm but do no damage!
The worm is severely wounded!
You pummel the worm like a punching bag!
The worm is almost dead!
The worm bites you! * * * don't die
* * * You pummel the worm like a punching bag!
The worm is almost dead!
The worm bites you!!! rip

Action                   || total
-------------------------++-------
Melee: Unarmed           ||   105
       Punch             ||     1
 Stab: Sleeping          ||     5
       Distracted        ||     2
Armor: Skin              ||    10
Dodge: Dodged            ||    65

Vault maps used:
D:1:      dpeg_arrival_tiny_k, hangedman_decor_lopped, st_stairs_7,
          minmay_close_crescents
D:2:      overflow_temple_1_default, first_bread, st_stairs_14,
          kennysheep_generic_room_3, uniq_iyjb, uniq_natasha

Notes
Turn   | Place    | Note
--------------------------------------------------------------
     0 | D:1      | Stormbringer the Mummy Monk began the quest for the Orb.
     0 | D:1      | Reached XP level 1. HP: 18/18 MP: 1/1
   420 | D:1      | Reached XP level 2. HP: 22/24 MP: 2/2
   590 | D:1      | Reached skill level 3 in Unarmed Combat
  1286 | D:2      | Noticed Natasha
  1298 | D:1      | Reached XP level 3. HP: 10/29 MP: 3/3
  1590 | D:1      | Slain by a worm

Vanquished Creatures
  An adder (D:1)
  4 bats (D:1)
  4 giant cockroaches
  3 goblins (D:1)
  3 hobgoblins (D:1)
  2 giant newts (D:1)
  5 kobolds (D:1)
  5 rats (D:1)
27 creatures vanquished.
